AoeStats
← C a b a l l e r o

Arabia

510652654Analyzed
1v1 RM · 4h ago on Oct 2, 2026· 23m 6s· 2 players
Game mode
Random Map
Map size
Tiny (2 player)
Population
200
Speed
Normal
Resources
Standard
Victory
Conquest
Starting age
Dark Age
Ending age
Imperial Age
RankedLock teamsTeams togetherTeam positionsShared explorationLock speedFull tech treeHidden civsTurbo modeCheats
Victory
Defeat
🇺🇸 Franks · United States
1140
+15
🇧🇷 Vietnamese · Brazil
1125
-15
C a b a l l e r o
0:26 Loom
9:39 Feudal Age
24:31 Castle Age
aggromouse
5:49 Loom
8:56 Feudal Age
9:25 Double-Bit Axe
15:14 Wheelbarrow
18:49 Castle Age
18:00 Scale Barding Armor
17:57 Gold Mining
19:44 Forging
19:51 Fletching
20:28 Chain Barding Armor
Connection lost

Rejoining the realm…

Still unreachable

The connection could not be restored.

Session expired

The server has moved on; the page needs a fresh start.